IL
BUFFALO BISONS @ RICHMOND BRAVES
07/28/1982
 
TOP OF THE 1ST
Buffalo Bisons batting - Pitching for Richmond Braves : RHP Jay Smith
Pitching: RHP Jay Smith
Batting: RHB Juan Villa 0-0: Ball
1-0: Foul Ball, location: 2F
1-1: Foul Ball, location: 2F
1-2: Foul Ball, location: 2F
1-2: Ball
2-2: SINGLE (Groundball, 34D, EV 103.1 MPH)
Batting: LHB Doe Boyland 0-0: Ball
1-0: Ball
Juan Villa steals 2nd base
2-0: SINGLE (Groundball, 6S, EV 62.5 MPH) (infield hit)
Juan Villa to third
Batting: RHB Bill Bathe 0-0: Called Strike
Doe Boyland steals 2nd base (no throw)
0-1: Ball
1-1: Called Strike
1-2: Strikes out looking
Batting: LHB Gary Rajsich 0-0: Called Strike
0-1: Called Strike
0-2: Ball
1-2: Foul Ball, location: 2F
1-2: Reached on error, E6 (Groundball, 6S, EV 69.4 MPH)
Juan Villa scores
Doe Boyland to third
Batting: LHB Phillip Baskerville 0-0: Fly out, F7 (Flyball, 7LS, EV 88.8 MPH)
Batting: LHB Bob Skube 0-0: Foul Ball, location: 2F
0-1: Ball
1-1: Ball
2-1: Fly out, F9 (Line Drive, 9S, EV 93.1 MPH)
Top of the 1st over - 1 run, 2 hits, 1 error, 2 left on base; Buffalo 1 - Richmond 0
BOTTOM OF THE 1ST
Richmond Braves batting - Pitching for Buffalo Bisons : RHP Gary Hartsock
Pitching: RHP Gary Hartsock
Batting: LHB Brent Hillenga 0-0: Ball
1-0: Fly out, F9 (Flyball, 9, EV 91.9 MPH)
Batting: LHB Dan Rohn 0-0: Ball
1-0: Ball
2-0: Called Strike
2-1: Foul Ball, location: 2F
2-2: Ball
3-2: SINGLE (Groundball, 34D, EV 101.3 MPH)
Batting: SHB Howard Johnson 0-0: Ball
1-0: Ball
2-0: DOUBLE (Flyball, 78XD, EV 99.4 MPH)
Dan Rohn to third
Batting: LHB Chris Evans 0-0: Called Strike
0-1: Ball
1-1: Foul Ball, location: 2F
1-2: Fly out, F2 (Popup, 2LF, EV 95.0 MPH)
Batting: RHB Dave Stegman 0-0: Ball
1-0: Foul Ball, location: 2F
1-1: Ball
2-1: Ground out 6-3 (Groundball, 6, EV 86.3 MPH)
Bottom of the 1st over - 0 runs, 2 hits, 0 errors, 2 left on base; Buffalo 1 - Richmond 0
TOP OF THE 2ND
Buffalo Bisons batting - Pitching for Richmond Braves : RHP Jay Smith
Batting: RHB Stephen Chandler 0-0: Fly out, F7 (Flyball, 7LM, EV 83.1 MPH)
Batting: RHB Pat Keedy 0-0: SINGLE (Groundball, 6MD, EV 107.5 MPH) (infield hit)
Batting: RHB Carlos Matamoros 0-0: Called Strike
0-1: Fly out, F7 (Flyball, 78S, EV 84.4 MPH)
Batting: RHB Juan Villa 0-0: Ball
1-0: Foul Ball, location: 2F
1-1: Ball
2-1: Fly out, F7 (Flyball, 7S, EV 83.1 MPH)
Top of the 2nd over - 0 runs, 1 hit, 0 errors, 1 left on base; Buffalo 1 - Richmond 0
BOTTOM OF THE 2ND
Richmond Braves batting - Pitching for Buffalo Bisons : RHP Gary Hartsock
Batting: LHB Matt Winters 0-0: Ground out 4-3 (Groundball, 4, EV 103.8 MPH)
Batting: SHB Donnie Scott 0-0: Ball
1-0: Fly out, F7 (Flyball, 7LM, EV 98.1 MPH)
Batting: LHB Max Venable 0-0: Swinging Strike
0-1: Fly out, F8 (Flyball, 8LM, EV 89.4 MPH)
Bottom of the 2nd over - 0 runs, 0 hits, 0 errors, 0 left on base; Buffalo 1 - Richmond 0
TOP OF THE 3RD
Buffalo Bisons batting - Pitching for Richmond Braves : RHP Jay Smith
Batting: LHB Doe Boyland 0-0: Ground out 4-3 (Groundball, 4, EV 77.5 MPH)
Batting: RHB Bill Bathe 0-0: Ball
1-0: Called Strike
1-1: Swinging Strike
1-2: Ball
2-2: Strikes out swinging
Batting: LHB Gary Rajsich 0-0: Ball
1-0: Ground out 6-3 (Groundball, 6, EV 100.6 MPH)
Top of the 3rd over - 0 runs, 0 hits, 0 errors, 0 left on base; Buffalo 1 - Richmond 0
BOTTOM OF THE 3RD
Richmond Braves batting - Pitching for Buffalo Bisons : RHP Gary Hartsock
Batting: SHB Julio Cruz 0-0: Ground out 6-3 (Groundball, 6, EV 85.6 MPH)
Batting: LHB Brent Hillenga 0-0: Called Strike
0-1: Ball
1-1: SINGLE (Line Drive, 8RS, EV 93.1 MPH)
Batting: LHB Dan Rohn 0-0: Ball
1-0: Ball
2-0: Ball
3-0: Called Strike
3-1: Called Strike
3-2: SINGLE (Line Drive, 9S, EV 94.4 MPH)
Brent Hillenga to second
Brent Hillenga to third
Batting: SHB Howard Johnson 0-0: Called Strike
0-1: Ball
1-1: Foul Ball, location: 2F
1-2: Foul Ball, location: 2F
1-2: Ball
2-2: Ball
3-2: Base on Balls
Dan Rohn to second
Batting: LHB Chris Evans 0-0: Ball
1-0: Ball
2-0: Swinging Strike
2-1: SINGLE (Groundball, 56D, EV 99.4 MPH)
Brent Hillenga scores
Dan Rohn to third
Howard Johnson to second
Runner from 3rd tries for Home, SAFE, throw by LF to home
Batting: RHB Dave Stegman 0-0: Ball
1-0: Ball
2-0: Ball
3-0: Called Strike
3-1: Base on Balls
Howard Johnson to third
Chris Evans to second
Batting: LHB Matt Winters 0-0: Ball
1-0: Called Strike
1-1: Swinging Strike
Passed Ball!
Howard Johnson scores
Chris Evans to third
Dave Stegman to second
1-2: Ball
2-2: Strikes out swinging
Batting: SHB Donnie Scott 0-0: Ball
1-0: Ball
2-0: Called Strike
2-1: Foul Ball, location: 2F
2-2: Ground out 6-3 (Groundball, 6, EV 78.8 MPH)
Bottom of the 3rd over - 3 runs, 3 hits, 0 errors, 2 left on base; Buffalo 1 - Richmond 3
TOP OF THE 4TH
Buffalo Bisons batting - Pitching for Richmond Braves : RHP Jay Smith
Batting: LHB Phillip Baskerville 0-0: Foul Ball, location: 2F
0-1: Foul Ball, location: 2F
0-2: Ball
1-2: Foul Ball, location: 2F
1-2: Ball
2-2: Ground out 6-3 (Groundball, 6, EV 77.5 MPH)
Batting: LHB Bob Skube 0-0: Ball
1-0: Fly out, F8 (Flyball, 78D, EV 105.0 MPH)
Batting: RHB Stephen Chandler 0-0: Called Strike
0-1: Foul Ball, location: 2F
0-2: Ball
1-2: Foul Ball, location: 2F
1-2: Ball
2-2: Ball
3-2: Foul Ball, location: 2F
3-2: SINGLE (Groundball, 56D, EV 103.1 MPH)
Batting: RHB Pat Keedy 0-0: Fly out, F9 (Flyball, 89M, EV 93.8 MPH)
Top of the 4th over - 0 runs, 1 hit, 0 errors, 1 left on base; Buffalo 1 - Richmond 3
BOTTOM OF THE 4TH
Richmond Braves batting - Pitching for Buffalo Bisons : RHP Gary Hartsock
Batting: LHB Max Venable 0-0: Ball
1-0: Called Strike
1-1: Called Strike
1-2: Ball
2-2: Foul Ball, location: 2F
2-2: Ball
3-2: Foul Ball, location: 2F
3-2: Foul Ball, location: 2F
3-2: Base on Balls
Batting: SHB Julio Cruz 0-0: Ball
1-0: Ball
Max Venable is caught stealing 2nd base 2-6
2-0: Called Strike
2-1: Fly out, F7 (Flyball, 7D, EV 95.0 MPH)
Batting: LHB Brent Hillenga 0-0: Foul Ball, location: 2F
0-1: Ball
1-1: Ball
2-1: Ball
3-1: Base on Balls
Batting: LHB Dan Rohn 0-0: Foul Ball, location: 2F
0-1: Ball
1-1: Foul Ball, location: 2F
1-2: Ball
2-2: Foul Ball, location: 2F
2-2: Ball
3-2: Fly out, F6 (Popup, 4M, EV 65.6 MPH)
Bottom of the 4th over - 0 runs, 0 hits, 0 errors, 1 left on base; Buffalo 1 - Richmond 3
TOP OF THE 5TH
Buffalo Bisons batting - Pitching for Richmond Braves : RHP Jay Smith
Batting: RHB Carlos Matamoros 0-0: Ball
1-0: Fly out, F8 (Flyball, 8RD, EV 90.6 MPH)
Batting: RHB Juan Villa 0-0: Called Strike
0-1: Ground out 4-3 (Groundball, 4M, EV 86.9 MPH)
Batting: LHB Doe Boyland 0-0: Ball
1-0: Called Strike
1-1: Swinging Strike
1-2: Ground out 4-3 (Groundball, 4S, EV 90.6 MPH)
Top of the 5th over - 0 runs, 0 hits, 0 errors, 0 left on base; Buffalo 1 - Richmond 3
BOTTOM OF THE 5TH
Richmond Braves batting - Pitching for Buffalo Bisons : RHP Gary Hartsock
Batting: SHB Howard Johnson 0-0: Ball
1-0: Called Strike
1-1: Foul Ball, location: 2F
1-2: Ball
2-2: Ball
3-2: Fly out, F9 (Flyball, 89M, EV 91.3 MPH)
Batting: LHB Chris Evans 0-0: Ground out U3 (Groundball, 34, EV 109.4 MPH)
Batting: RHB Dave Stegman 0-0: Ball
1-0: Ball
2-0: Called Strike
2-1: Ball
3-1: Swinging Strike
3-2: Strikes out swinging
Bottom of the 5th over - 0 runs, 0 hits, 0 errors, 0 left on base; Buffalo 1 - Richmond 3
TOP OF THE 6TH
Buffalo Bisons batting - Pitching for Richmond Braves : RHP Jay Smith
Batting: RHB Bill Bathe 0-0: Ball
1-0: Foul Ball, location: 2F
1-1: Ball
2-1: Fly out, F8 (Flyball, 8LD, EV 100.0 MPH)
Batting: LHB Gary Rajsich 0-0: Ground out U3 (Groundball, 3L, EV 78.1 MPH)
Batting: LHB Phillip Baskerville 0-0: Ball
1-0: Ground out U3 (Groundball, 34S, EV 66.3 MPH)
Top of the 6th over - 0 runs, 0 hits, 0 errors, 0 left on base; Buffalo 1 - Richmond 3
BOTTOM OF THE 6TH
Richmond Braves batting - Pitching for Buffalo Bisons : RHP Gary Hartsock
Batting: LHB Matt Winters 0-0: Swinging Strike
0-1: Fly out, F8 (Flyball, 8RXD, EV 105.6 MPH)
Batting: SHB Donnie Scott 0-0: Ball
1-0: Called Strike
1-1: Ball
2-1: Fly out, F7 (Flyball, 7, EV 89.4 MPH)
Batting: LHB Max Venable 0-0: Called Strike
0-1: Called Strike
0-2: Ball
1-2: Ball
2-2: Ground out 6-3 (Groundball, 6M, EV 85.0 MPH)
Bottom of the 6th over - 0 runs, 0 hits, 0 errors, 0 left on base; Buffalo 1 - Richmond 3
TOP OF THE 7TH
Buffalo Bisons batting - Pitching for Richmond Braves : RHP Jay Smith
Batting: LHB Bob Skube 0-0: Ball
1-0: Ball
2-0: Ball
3-0: Called Strike
3-1: Called Strike
3-2: Strikes out swinging
Batting: RHB Stephen Chandler 0-0: Ball
1-0: Foul Ball, location: 2F
1-1: Ball
2-1: Called Strike
2-2: Ground out 6-3 (Groundball, 6, EV 86.3 MPH)
Batting: RHB Pat Keedy 0-0: Called Strike
0-1: Swinging Strike
0-2: Ball
1-2: Ground out 6-3 (Groundball, 6, EV 88.1 MPH)
Top of the 7th over - 0 runs, 0 hits, 0 errors, 0 left on base; Buffalo 1 - Richmond 3
BOTTOM OF THE 7TH
Richmond Braves batting - Pitching for Buffalo Bisons : RHP Gary Hartsock
Batting: SHB Julio Cruz 0-0: Reached on error, E6 (Popup, 6M, EV 65.6 MPH)
Batting: LHB Brent Hillenga 0-0: Ball
Julio Cruz steals 2nd base
1-0: Ball
Julio Cruz steals 3rd base
2-0: Ball
3-0: Called Strike
3-1: Fly out, F7 (Flyball, 7S, EV 95.0 MPH)
Runner from 3rd tags up, SCORES, throw by LF
Batting: LHB Dan Rohn 0-0: Called Strike
0-1: Swinging Strike
0-2: Ball
1-2: Ball
2-2: Strikes out swinging
Batting: SHB Howard Johnson 0-0: Called Strike
0-1: Ball
1-1: Called Strike
1-2: Ground out 1-3 (Groundball, 13S, EV 66.9 MPH)
Bottom of the 7th over - 1 run, 0 hits, 1 error, 0 left on base; Buffalo 1 - Richmond 4
TOP OF THE 8TH
Buffalo Bisons batting - Pitching for Richmond Braves : RHP Jay Smith
Batting: RHB Carlos Matamoros 0-0: Ground out 5-3 (Groundball, 56S, EV 90.6 MPH)
Batting: RHB Juan Villa 0-0: Ball
1-0: Called Strike
1-1: Ball
2-1: Foul Ball, location: 2F
2-2: SINGLE (Groundball, 34D, EV 106.9 MPH)
Batting: LHB Doe Boyland 0-0: Fielders Choice at 2nd, 4-6 (Groundball, 4, EV 104.4 MPH)
Batting: RHB Bill Bathe 0-0: Foul Ball, location: 2F
0-1: Ball
1-1: Fly out, F8 (Flyball, 8RS, EV 83.8 MPH)
Top of the 8th over - 0 runs, 1 hit, 0 errors, 1 left on base; Buffalo 1 - Richmond 4
BOTTOM OF THE 8TH
Richmond Braves batting - Pitching for Buffalo Bisons : RHP Gary Hartsock
Batting: LHB Chris Evans 0-0: Ball
1-0: Ball
2-0: Called Strike
2-1: DOUBLE (Line Drive, 89XD, EV 103.1 MPH)
Pitching: RHP Leonardo Ortiz
Batting: RHB Dave Stegman 0-0: Swinging Strike
0-1: Called Strike
0-2: Ball
1-2: Strikes out swinging
Batting: LHB Matt Winters 0-0: Intentional Walk
Batting: SHB Donnie Scott 0-0: Ball
1-0: SINGLE (Groundball, 5D, EV 109.4 MPH)
Chris Evans to third
Matt Winters to second
Runner from 3rd tries for Home, SAFE, throw by LF to home
Batting: LHB Max Venable 0-0: Ground out 3-1 (Groundball, 34S, EV 83.8 MPH)
Matt Winters to third
Donnie Scott to second
Batting: SHB Julio Cruz 0-0: Foul Ball, location: 2F
0-1: Ground out 5-3 (Groundball, 56S, EV 76.3 MPH)
Bottom of the 8th over - 1 run, 2 hits, 0 errors, 2 left on base; Buffalo 1 - Richmond 5
TOP OF THE 9TH
Buffalo Bisons batting - Pitching for Richmond Braves : RHP Jay Smith
Batting: LHB Gary Rajsich 0-0: Called Strike
0-1: Ball
1-1: Ball
2-1: Foul Ball, location: 2F
2-2: Ball
3-2: Base on Balls
Batting: LHB Phillip Baskerville 0-0: Called Strike
0-1: Ball
1-1: Swinging Strike
1-2: Foul Ball, location: 2F
1-2: Ball
2-2: Strikes out looking
Batting: LHB Bob Skube 0-0: Called Strike
Pickoff Throw to First - Error! E1
Gary Rajsich to second
0-1: Fly out, F7 (Line Drive, 7, EV 83.1 MPH)
Batting: RHB Stephen Chandler 0-0: Ball
1-0: Ball
2-0: Ball
3-0: Base on Balls
Batting: RHB Pat Keedy 0-0: Ground out 5-3 (Groundball, 56S, EV 63.8 MPH)
Top of the 9th over - 0 runs, 0 hits, 1 error, 2 left on base; Buffalo 1 - Richmond 5
Wednesday, August 19th, 2020 - OOTP Baseball 21.5 Build 76